 Dungeon Crawl Stone Soup version 0.29-a0-322-g68df515428 (webtiles) character file.

Game seed: 2314810559277206739

146 GigaChad the Skirmisher (level 5, -4/46 HPs)
             Began as a Ghoul Monk on Apr 5, 2022.
             Was a Priest of Okawaru.
             Slain by a gnoll
             ... wielding a +0 flail
              (5 damage)
             ... on level 4 of the Dungeon.
             The game lasted 00:10:23 (2971 turns).

GigaChad the Skirmisher (Ghoul Monk)                Turns: 2971, Time: 00:10:25

Health: -4/46      AC:  5    Str: 15    XL:     5   Next: 28%
Magic:  4/4        EV: 11    Int: 11    God:    Okawaru [***...]
Gold:   316        SH:  0    Dex: 13    Spells: 4/4 levels left

rFire   . . .      SeeInvis +   a - +0 falchion
rCold   + . .      Faith    .   (no shield)
rNeg    + + +      Spirit   .   y - +0 ring mail
rPois   ∞          Reflect  .   (no helmet)
rElec   .          Harm     .   (no cloak)
rCorr   .          Rampage  .   (no gloves)
Will    .....                   (no boots)
Stlth   ++........              (no amulet)
HPRegen 0.00/turn               m - ring of see invisible
MPRegen 0.09/turn               p - +6 ring of intelligence

@: inhibited regen
A: claws 1, cold resistance 1, negative energy resistance 3, inhibited
regeneration, torment resistance 2, devour on kill
a: Renounce Religion, Heroism


You were on level 4 of the Dungeon.
You worshipped Okawaru.
Okawaru was most pleased with you.
You visited 1 branch of the dungeon, and saw 4 of its levels.

You collected 316 gold pieces.

Inventory:

Hand Weapons
 a - a +0 falchion (weapon)
 l - a +0 war axe
 r - a +0 falchion
 s - a +0 war axe
Missiles
 u - a throwing net (quivered)
Armour
 b - a +0 robe
 y - a +0 ring mail (worn)
Jewellery
 m - a ring of see invisible (left claw)
 o - a ring of resist corrosion
 p - a +6 ring of intelligence (right claw)
Wands
 x - a wand of iceblast (4)
Scrolls
 e - 4 scrolls of identify {unknown}
 h - a scroll of fear {unknown}
 i - a scroll of silence {unknown}
 j - a scroll of amnesia {unknown}
 n - a scroll of vulnerability {unknown}
 q - a scroll of fog {unknown}
Potions
 c - 2 potions of ambrosia
 d - a potion of berserk rage {unknown}
 f - a potion of attraction {unknown}
 g - 2 potions of heal wounds {unknown}
 k - 2 potions of curing {unknown}
 t - 2 potions of resistance {unknown}
 v - a potion of flight {unknown}
 w - 2 potions of mutation {unknown}


   Skills:
 + Level 3.9 Fighting
 + Level 3.9 Long Blades
 + Level 3.6 Dodging
 + Level 3.1 Stealth


You had 4 spell levels left.
You didn't know any spells.
Your spell library was empty.

Dungeon Overview and Level Annotations

Branches:
Dungeon (4/15)
 Temple: D:4-7

Altars:
Elyvilon
Okawaru


Innate Abilities, Weirdness & Mutations

You are immune to poison.
You have sharp fingernails.
Your flesh is cold resistant. (rC+)
You are immune to negative energy. (rN+++)
You do not regenerate when monsters are visible.
You are immune to unholy pain and torment.
You thrive by killing the living.


Message History

The gnoll barely misses you.
You hit the gnoll.
The gnoll is severely wounded.
The gnoll hits you with a +0 flail! The gnoll hits you but does no damage.
The gnoll barely misses you. The gnoll hits you with a +0 flail.
You closely miss the gnoll.
The gnoll is severely wounded.
The gnoll hits you with a +0 flail.
The gnoll hits you from afar with a +0 spear!
The gnoll hits you from afar with a +2 vorpal spear.
You hit the gnoll.
The gnoll is severely wounded.
The gnoll barely misses you. The gnoll closely misses you.
The gnoll hits you but does no damage.
You closely miss the gnoll.
The gnoll is severely wounded.
The gnoll hits you but does no damage. The gnoll closely misses you.
The gnoll hits you from afar with a +0 spear.
You barely miss the gnoll.
The gnoll is severely wounded.
The gnoll closely misses you.
The gnoll hits you from afar with a +2 vorpal spear.
The gnoll closely misses you.
You barely miss the gnoll.
The gnoll is severely wounded.
The gnoll hits you with a +0 flail.
* * * LOW HITPOINT WARNING * * *
The gnoll barely misses you. x2
You hit the gnoll but do no damage.
The gnoll is severely wounded.
The gnoll hits you with a +0 flail!
* * * LOW HITPOINT WARNING * * *
The gnoll hits you from afar with a +2 vorpal spear.
* * * LOW HITPOINT WARNING * * *
x2 The gnoll barely misses you.
Things that are here:
a +0 club; a gnoll corpse The gnoll attacks as you move away!
The gnoll barely misses you. The gnoll attacks as you move away!
The gnoll hits you with a +0 flail.
You die...

#.# ###..# #.# #..# #.... #.#
#..# #[#.. ##.# #..# #.#.# ...#
#..# #.#.# # .### #..# #.#.# [#
.# #..#### #.#.# ..# .#
#.....####.#.####...### .#
##......@gg.g).........
.#########†####################
..>........# ############


You could see 3 gnolls.

Vanquished Creatures
  Ijyb (D:3)
  Jessica (D:3)
  3 adders
  A gnoll (D:4)
  A worm (D:3)
  An orc (D:3)
  6 bats
  4 endoplasms
  A giant cockroach (D:2)
  3 goblins
  8 hobgoblins
  6 jackals
  A quokka (D:1)
  2 ball pythons
  3 frilled lizards
  A kobold (D:1)
  10 rats
53 creatures vanquished.

Vanquished Creatures (others)
  11 plants
11 creatures vanquished.

Grand Total: 64 creatures vanquished

Notes
Turn   | Place    | Note
-------+----------+-------------------------------------------
     0 | D:1      | GigaChad the Ghoul Monk began the quest for the Orb.
     0 | D:1      | Reached XP level 1. HP: 19/19 MP: 0/0
   428 | D:1      | Reached XP level 2. HP: 12/26 MP: 1/1
  1169 | D:2      | Reached XP level 3. HP: 31/31 MP: 2/2
  1441 | D:2      | Found a faded altar of an unknown god.
  1450 | D:2      | Prayed at the altar of an unknown god.
  1450 | D:2      | Became a worshipper of Warmaster Okawaru
  1450 | D:2      | Reached * piety under Okawaru
  1450 | D:2      | Reached ** piety under Okawaru
  1914 | D:3      | Reached XP level 4. HP: 28/39 MP: 3/3
  2198 | D:3      | Noticed Jessica
  2258 | D:3      | Reached *** piety under Okawaru
  2331 | D:3      | Killed Jessica
  2414 | D:3      | Noticed Ijyb
  2435 | D:3      | Killed Ijyb
  2436 | D:3      | Reached XP level 5. HP: 13/46 MP: 4/4
  2963 | D:4      | HP: 2/46 [gnoll/+2 vorpal spear (4)]
  2971 | D:4      | Slain by a gnoll

Illustrated notes

Levels and vault maps discovered:
D:1:      minmay_arrival_plants_in_alcoves, layout_rooms,
          minmay_rat_gold_closets
D:2:      layout_rooms, basic_ecumenical_altar
D:3:      layout_rooms, nicolae_elyvilon_temple_path, uniq_jessica, uniq_ijyb
D:4:      layout_loops_ring

Skill      XL: |  1  2  3  4 |
---------------+-------------+-----
Dodging        | 3 |  3.6
Long Blades    | 3 |  3.9
Stealth        | 3 |  3.1
Fighting       | |  3.9

Action                   |  1- 3 |  4- 6 || total
-------------------------+-------+-------++-------
Melee: Falchion          |   123 |    79 ||   202
       Punch             |     1 |     1 ||     2
 Stab: Sleeping          |     5 |     1 ||     6
Armor: Robe              |    33 |    10 ||    43
       Ring mail         |       |     4 ||     4
Dodge: Dodged            |   136 |    65 ||   201

Table legend: (Time is in decaauts)
 A = Elapsed time spent in this place.
 B = Non-inter-level travel time spent in this place.
 C = Inter-level travel time spent in this place.
 D = Time resting spent in this place.
 E = Time spent auto-exploring this place.
 F = Levels seen in this place.
 G = Mean time per level.
                   A        B        C        D        E       F      G
               +--------+--------+--------+--------+--------+-----+--------+
         Total |   2996 |   2995 |      1 |      0 |   1158 |   4 |  749.0 |
       Dungeon |   2996 |   2995 |      1 |      0 |   1158 |   4 |  749.0 |
               +--------+--------+--------+--------+--------+-----+--------+

Top non-repeatable levels by time:
     D:1: 1161 daAuts
     D:3: 1036 daAuts
     D:2: 602 daAuts
     D:4: 195 daAuts
